 Dungeon Crawl Stone Soup version 0.19.5 (webtiles) character file.

396 galech the Cudgeler (level 6, -2/66 HPs)
             Began as an Ogre Fighter on Mar 1, 2017.
             Slain by an ogre
             ... wielding a +0 giant club
              (13 damage)
             ... on level 5 of the Dungeon.
             The game lasted 00:04:53 (3113 turns).

galech the Cudgeler (Ogre Fighter)                  Turns: 3113, Time: 00:04:54

Health: -2/66      AC:  3    Str: 24    XL:     6   Next: 83%
Magic:  6/6        EV:  9    Int:  7    God:
Gold:   181        SH:  9    Dex:  9    Spells: 0 memorised, 5 levels left

rFire  . . .     SeeInvis .     a - +0 flail
rCold  . . .     Gourm    .     b - +0 robe
rNeg   . . .     Faith    .     c - +0 shield
rPois  .         Spirit   .     (helmet restricted)
rElec  .         Reflect  .     (no cloak)
rCorr  .         Harm     +     (gloves unavailable)
MR     .....                    (boots unavailable)
Stlth  +.........               o - amulet of harm
                                (no ring)
                                (no ring)

@: no status effects
A: unfitting armour, tough skin 1
a: no special abilities


You were on level 5 of the Dungeon.
You were not hungry.

You visited 1 branch of the dungeon, and saw 5 of its levels.

You collected 181 gold pieces.

Inventory:

Hand Weapons
 a - a +0 flail (weapon)
Armour
 b - a +0 robe (worn)
 c - a +0 shield (worn)
Jewellery
 o - an amulet of harm (around neck)
Scrolls
 h - a scroll of fear {unknown}
 j - 6 scrolls of identify {unknown}
 m - 2 scrolls of noise {unknown}
 p - a scroll of amnesia {unknown}
 q - a scroll of enchant armour {unknown}
 r - a scroll of teleportation {unknown}
Potions
 e - 2 potions of resistance {unknown}
 k - 3 potions of cure mutation {unknown}
 l - 2 potions of curing {unknown}
 n - 3 potions of lignification {unknown}
Comestibles
 d - a meat ration
 f - 3 bread rations
 i - a beef jerky
 s - 3 fruits


   Skills:
 + Level 5.4 Fighting
 + Level 5.5 Maces & Flails
 + Level 4.1 Dodging
 + Level 0.4 Stealth
 + Level 3.9 Shields


You had 5 spell levels left.
You didn't know any spells.

Dungeon Overview and Level Annotations

Branches:
Dungeon (5/15)
 Temple: D:4-7

Altars:

Annotations:
D:4 galech's ghost, amateur OgFi


Innate Abilities, Weirdness & Mutations

You are too large for most types of armour.
You have tough skin. (AC +1)


Message History

You are too injured to fight recklessly!
You are too injured to fight recklessly!
You are too injured to fight recklessly!
You are too injured to fight recklessly!
You are too injured to fight recklessly!
You are too injured to fight recklessly!
You are too injured to fight recklessly!
You are too injured to fight recklessly!
You are too injured to fight recklessly!
You are too injured to fight recklessly!
You are too injured to fight recklessly!
You are too injured to fight recklessly!
You are too injured to fight recklessly!
You barely miss the ogre.
The ogre is heavily wounded.
The orc wizard mumbles some strange words.
The orc wizard flickers and vanishes!
Deactivating autopickup; reactivate with Ctrl-A.
The ogre hits you with a giant club!
You die... #.#o## ....# $.... ... o{o

#o# #O# #. ##@## #.
##...## #.###
##.....## #.#.##
##.......#
####....####.........#
...........'.....>...+
.##....####.........#
##..## ##.......##
#..#######.....##


You could see an ogre, an orc priest, an orc wizard and 2 orcs.

Vanquished Creatures
  Sigmund (D:3)
  A crimson imp (D:2)
  An orc wizard (D:5)
  Ijyb (D:3)
  A worker ant (D:5)
  5 adders
  An ooze (D:1)
  3 worms
  4 dart slugs (D:1)
  3 leopard geckos
  An orc (D:4)
  6 giant cockroaches
  6 goblins
  6 hobgoblins
  6 jackals
  A quokka (D:2)
  5 bats
  4 frilled lizards
  4 kobolds
  5 rats
65 creatures vanquished.

Notes
Turn   | Place    | Note
-------+----------+-------------------------------------------
     0 | D:1      | galech the Ogre Fighter began the quest for the Orb.
     0 | D:1      | Reached XP level 1. HP: 24/24 MP: 1/1
    98 | D:1      | Reached XP level 2. HP: 22/32 MP: 2/2
   381 | D:1      | Reached XP level 3. HP: 35/40 MP: 3/3
  1067 | D:2      | Reached XP level 4. HP: 44/49 MP: 4/4
  1366 | D:3      | Noticed Sigmund
  1704 | D:2      | Reached skill level 5 in Fighting
  1704 | D:2      | Reached XP level 5. HP: 44/57 MP: 5/5
  1784 | D:3      | Killed Sigmund
  1784 | D:3      | Reached skill level 5 in Maces & Flails
  1784 | D:3      | Reached XP level 6. HP: 64/66 MP: 6/6
  1868 | D:3      | Noticed Ijyb
  1877 | D:3      | Killed Ijyb
  2313 | D:4      | Noticed galech's ghost (amateur OgFi)
  2341 | D:5      | Entered Level 5 of the Dungeon
  3113 | D:5      | Slain by an ogre

Skill      XL: |  1  2  3  4  5 |
---------------+----------------+-----
Shields        | 3 |  3.9
Maces & Flails | 3 4 5 |  5.5
Dodging        | 3 4 |  4.1
Fighting       | 5 |  5.4
Stealth        | |  0.4

Action                   |  1- 3 |  4- 6 || total
-------------------------+-------+-------++-------
Melee: Flail             |   101 |   157 ||   258
  Use: Potion            |       |     1 ||     1
 Stab: Sleeping          |     1 |       ||     1
  Eat: Chunk             |     1 |     6 ||     7
Armor: Robe              |    29 |    45 ||    74
Dodge: Dodged            |    34 |    65 ||    99
Block: Shield            |    47 |    76 ||   123
